 Dungeon Crawl Stone Soup version 0.25-a0-834-g55863b0b92 (webtiles) character file.

Game seed: 2047667662561592993, levelgen mode: deterministic

28742 Fukker the Basher (level 13, -4/98 HPs)
             Began as a Demonspawn Wanderer on Apr 23, 2020.
             Was an Elder of Makhleb.
             Slain by a seven-headed hydra (6 damage)
             ... on level 5 of the Lair of Beasts.
             The game lasted 00:57:43 (16164 turns).

Fukker the Basher (Demonspawn Wanderer)            Turns: 16164, Time: 00:57:44

Health: -4/98      AC: 22    Str: 19    XL:     13   Next: 11%
Magic:  0/21       EV: 18    Int: 17    God:    Makhleb [****..]
Gold:   757        SH:  0    Dex: 12    Spells: 13/18 levels left

rFire    + . .     SeeInvis +   v - +3 flail (protect)
rCold    + + .     Gourm    .   (no shield)
rNeg     + . .     Faith    .   X - +0 scale mail of Wariness {rF+ rC+ rN+}
rPois    +         Spirit   +   l - +0 helmet
rElec    .         Reflect  .   p - +0 cloak {rPois}
rCorr    .         Harm     .   (gloves unavailable)
MR       .....                  u - +0 pair of boots
Stlth    +.........             d - amulet of Arrival {Spirit rC+ Int+4 SInv}
HPRegen  0.26/turn              o - +6 ring of evasion
MPRegen  0.17/turn              y - +4 ring of protection

@: protection aura
A: claws 3, powered by pain 1, rot immunity, sturdy frame 2
a: Minor Destruction, Lesser Servant of Makhleb, Major Destruction, Renounce
Religion


You were on level 5 of the Lair of Beasts.
You worshipped Makhleb.
Makhleb was greatly pleased with you.
You were not hungry.

You visited 3 branches of the dungeon, and saw 17 of its levels.
You also visited: Gauntlet.

You collected 757 gold pieces.

Inventory:

Hand Weapons
 v - a +3 flail of protection (weapon)
Missiles
 h - 36 poisoned darts
 i - 8 javelins (quivered)
 k - 212 stones
 D - a throwing net
Armour
 l - a +0 helmet (worn)
 p - a +0 cloak of poison resistance (worn)
 u - a +0 pair of boots (worn)
 T - a +2 chain mail of cold resistance
 X - the +0 scale mail of Wariness (worn) {rF+ rC+ rN+}
   (You found it on level 2 of the Lair of Beasts)

   It protects you from fire.
   It protects you from cold.
   It protects you from negative energy.
Jewellery
 d - the amulet of Arrival (around neck) {Spirit rC+ Int+4 SInv}
   (You acquired it on level 2 of the Lair of Beasts)

   [amulet of guardian spirit]

   It causes incoming damage to be split between your health and magic.
   It affects your intelligence (+4).
   It protects you from cold.
   It lets you see invisible.
 j - the ring "Wifank" {+Inv +Fly Int+4}
   (You found it in a Gauntlet)

   [ring of flight]

   It affects your intelligence (+4).
   It lets you turn invisible.
   It lets you fly.
 o - a +6 ring of evasion (left claw)
 q - an uncursed ring of poison resistance
 x - an uncursed ring of positive energy {unknown}
 y - a +4 ring of protection (right claw)
Wands
 a - a wand of digging (5)
 B - a wand of random effects (44)
 G - a wand of iceblast (21)
 J - a wand of flame (47)
 K - a wand of disintegration (25)
 P - a wand of acid (4)
 U - a wand of clouds (3)
Scrolls
 c - 4 scrolls of teleportation
 e - 11 scrolls of remove curse
 g - 2 scrolls of fog
 s - 5 scrolls of enchant armour
 t - 2 scrolls of magic mapping
 F - a scroll of torment
 L - a scroll of enchant weapon
 O - 2 scrolls of amnesia
 Q - a scroll of fear
 S - a scroll of vulnerability
Potions
 b - 3 potions of flight
 m - 3 potions of stabbing
 n - 3 potions of mutation
 r - 2 potions of cancellation
 w - a potion of brilliance
 z - a potion of heal wounds
 E - 2 potions of degeneration
 H - 3 potions of haste
 I - a potion of magic {unknown}
 N - 4 potions of curing
 R - a potion of invisibility {unknown}
 V - a potion of might {unknown}
Comestibles
 f - 22 rations
 A - 16 chunks of flesh


   Skills:
 + Level 8.0 Fighting
   Level 2.8 Short Blades
 * Level 13.1 Maces & Flails
 - Level 2.0 Throwing
 + Level 6.3 Armour
 + Level 3.4 Dodging
 - Level 1.0 Stealth
 - Level 3.0 Spellcasting
 - Level 5.0 Conjurations
 - Level 4.0 Necromancy
   Level 1.0 Transmutations
 - Level 4.4 Air Magic
 - Level 4.0 Poison Magic
 + Level 10.7 Invocations
 - Level 1.0 Evocations


You had 13 spell levels left.
You knew the following spells:

 Your Spells              Type           Power        Failure   Level  Hunger
a - Freeze                Ice            #...         24%         1    None
b - Animate Skeleton      Necr           N/A          4%          1    None
c - Mephitic Cloud        Conj/Pois/Air  ###.....     12%         3    ###....

Your spell library contained the following spells:

 Spells                   Type           Power        Failure   Level  Hunger
 Searing Ray              Conj           ###...       4%          2    ##.....
 Poisonous Vapours        Pois/Air       ###...       7%          2    ##.....
 Apportation              Tloc           #.....       24%         1    None
 Corona                   Hex            #......      24%         1    None
 Summon Small Mammal      Summ           #...         24%         1    None
 Conjure Flame            Conj/Fire      ##......     26%         3    ###....
 Ignite Poison            Fire/Tmut/Pois #.......     36%         3    ###....
 Frozen Ramparts          Ice            #.....       58%         3    ###....
 Recall                   Summ/Tloc      N/A          58%         3    ###....
 Fireball                 Conj/Fire      ##........   94%         5    ######.
 Freezing Cloud           Conj/Ice/Air   ##........   100%        6    #######
 Starburst                Conj/Fire      ##........   100%        6    #######
 Ring of Flames           Chrm/Fire      #.........   100%        7    #######
 Ignition                 Fire           #.........   100%        8    #######


Dungeon Overview and Level Annotations

Branches:
Dungeon (10/15)            Temple (1/1) D:4            Lair (6/6) D:10
  Swamp (0/4) Lair:2       Spider (0/4) Lair:2        Slime (0/5) Lair:5
    Orc (0/2) D:9         Gauntlet (visited)

Altars:
Ashenzari
Cheibriados
Dithmenos
Elyvilon
Fedhas
Gozag
Hepliaklqana
Kikubaaqudgha
Makhleb
Nemelex Xobeh
Okawaru
Qazlal
Ru
Sif Muna
Trog
Uskayaw
Vehumet
Wu Jian
Xom
Yredelemnul
Zin
The Shining One

Annotations:
D:5 2 transporters
D:10 2 transporters, hexxy's ghost, novice DEFE
Lair:5 exclusion: 3 oklob plants


Innate Abilities, Weirdness & Mutations

You have claws for hands.
You sometimes gain a little power by taking damage.
You are immune to rotting.
Your movements are less encumbered by armour. (ER -4)


Message History

The seven-headed hydra misses you.
The seven-headed hydra bites you but does no damage. x3
Your neqoxec gestures.
Your crimson imp hits the six-headed hydra.
The six-headed hydra bites your neqoxec.
Your neqoxec dies!
Your crimson imp disappears in a puff of smoke!
Your iron imp disappears in a puff of smoke!
Your shadow imp disappears in a puff of smoke!
The seven-headed hydra bites you.
* * * LOW HITPOINT WARNING * * *
The seven-headed hydra bites you!
* * * LOW HITPOINT WARNING * * *
The seven-headed hydra barely misses you.
The seven-headed hydra bites you!
* * * LOW HITPOINT WARNING * * *
The seven-headed hydra bites you.
* * * LOW HITPOINT WARNING * * *
The seven-headed hydra bites you!
You die...

##.....#....P..................#
##................#.#...#......#
##.......#.##.........#.#.P...##
#........P....................#
#.............................#
..................>...........#
...................%..........#
...............4.D............#
........P##.#...@D............#
.........#.##..........##.P.P.#
..............#........#..#.
.....................#.....#
##............P......#.......
.##
.....^..............#.....P....
..........................P#...#
..............P.......#........#
.. .(...#..................P..#


You could see a seven-headed hydra, a six-headed hydra and a friendly hellwing.

Vanquished Creatures
  A hydra (D:9)
  Erica (D:8)
  A two-headed ogre (D:10)
  A sixfirhy (Gauntlet)
  A necromancer (D:9)
  An ice statue (Gauntlet)
  A black mamba (Lair:5)
  8 elephants
  6 spiny frogs
  2 rime drakes (Gauntlet)
  3 komodo dragons
  2 hornets
  Grinder (D:4)
  2 bog bodies (Lair:2)
  10 blink frogs
  4 hippogriffs
  2 wyverns (Lair:2)
  A fire bat (Gauntlet)
  2 steam dragons
  7 yaks
  A hungry ghost (D:9)
  Menkaure (D:4)
  The ghost of triki the Sneak, an amateur KoVM (D:4)
  6 water moccasins
  8 porcupines
  4 black bears
  3 orc warriors
  2 sky beasts
  4 ice beasts
  3 phantoms
  2 centaurs
  3 ogres
  13 wolves
  7 crocodiles
  2 big kobolds (D:9)
  16 bullfrogs
  3 scorpions
  2 troll zombies (D:9)
  4 killer bees (D:8)
  2 howler monkeys
  A centaur zombie (D:10)
  5 crimson imps
  3 orc priests (D:9)
  5 hounds
  A jelly (D:8)
  3 bullfrog skeletons
  A gnoll shaman (D:5)
  A centaur skeleton (D:8)
  Jessica (D:3)
  8 hell rats
  An iguana (D:4)
  11 orc wizards
  3 polar bear simulacra (D:9)
  4 wolf simulacra (D:9)
  7 worker ants
  3 yak simulacra (D:9)
  4 ogre zombies (D:9)
  3 worker ant zombies
  7 gnolls
  A howler monkey skeleton (D:8)
  9 adders
  3 shadow imps
  2 ufetubi (Gauntlet)
  An ooze (D:1)
  2 worms
  3 dart slugs
  2 leopard geckos
  36 orcs
  5 giant cockroaches
  10 goblins
  7 hobgoblins
  7 jackals
  4 quokkas
  A ball python (D:2)
  11 bats
  6 frilled lizards
  A goblin skeleton (D:9)
  2 goblin zombies (D:9)
  A hobgoblin zombie (D:9)
  A jackal skeleton (D:5)
  4 kobolds
  3 orc skeletons (D:9)
  11 orc zombies (D:9)
  A quokka skeleton (D:8)
  7 rats
  A river rat simulacrum (D:9)
358 creatures vanquished.

Vanquished Creatures (collateral kills)
  A minotaur (Gauntlet)
  2 hydras (Lair:5)
  Urug (D:10)
  A fire crab (Gauntlet)
  A cyclops (D:10)
  An oklob plant (Lair:5)
  3 elephants (Lair:4)
  2 black mambas
  2 spiny frogs
  A komodo dragon (Lair:2)
  A jumping spider (Lair:2)
  A polar bear (Lair:5)
  2 blink frogs (Lair:4)
  2 dream sheep (D:9)
  A vampire (D:10)
  2 basilisks
  5 yaks
  A fire bat (Gauntlet)
  A hungry ghost (D:9)
  A porcupine (Lair:1)
  An orc warrior (D:10)
  A black bear (D:10)
  A wolf (Lair:4)
  2 crocodiles
  A big kobold (D:9)
  2 bullfrogs
  A hound (D:7)
  3 hell rats
  5 orcs (D:10)
  A quokka (D:9)
  An orc zombie (D:9)
  A butterfly (Lair:5)
  15 fungi
  A plant (Lair:5)
68 creatures vanquished.

Vanquished Creatures (others)
  A hippogriff (D:10)
  14 demonic plants (Gauntlet)
  11 fungi
  6 plants
32 creatures vanquished.

Grand Total: 458 creatures vanquished

Notes
Turn   | Place    | Note
-------+----------+-------------------------------------------
     0 | D:1      | Fukker the Demonspawn Wanderer began the quest for the Orb.
     0 | D:1      | Fukker set off with the following items: a +0 club, a
                  | scroll of teleportation, a +2 scale mail, a ration; and the
                  | following spell memorised: Freeze; and the following spells
                  | available to memorise: Frozen Ramparts
     0 | D:1      | Reached XP level 1. HP: 13/13 MP: 1/1
   230 | D:1      | Reached skill level 2 in Maces & Flails
   251 | D:1      | Gained mutation: You have sharp fingernails. [demonic
                  | ancestry]
   251 | D:1      | Reached XP level 2. HP: 19/19 MP: 2/2
   773 | D:1      | Reached XP level 3. HP: 24/24 MP: 3/3
   818 | D:1      | Reached skill level 3 in Maces & Flails
  1697 | D:3      | Found a radiant altar of Vehumet.
  1861 | D:3      | Gained mutation: Your movements are slightly less
                  | encumbered by armour. (ER -2) [demonic ancestry]
  1861 | D:3      | Reached XP level 4. HP: 31/31 MP: 4/4
  1994 | D:3      | Noticed Jessica
  2003 | D:3      | Killed Jessica
  2003 | D:3      | Reached skill level 1 in Dodging
  2013 | D:3      | Learned a level 1 spell: Animate Skeleton
  2182 | D:3      | Found a stormy altar of Qazlal.
  2182 | D:3      | You fall into a shaft and drop 2 floors!
  2182 | D:5      | Entered Level 5 of the Dungeon
  2182 | D:5      | Found a shadowy altar of Dithmenos.
  2183 | D:5      | Noticed an ice beast
  2275 | D:4      | Reached skill level 1 in Fighting
  2275 | D:4      | Reached skill level 1 in Throwing
  2485 | D:4      | Reached skill level 1 in Short Blades
  2485 | D:4      | Gained mutation: You are immune to rotting. [demonic
                  | ancestry]
  2485 | D:4      | Reached XP level 5. HP: 32/37 MP: 5/5
  2722 | D:4      | Noticed a phantom
  2749 | D:4      | Killed a phantom
  2749 | D:4      | Reached XP level 6. HP: 41/44 MP: 6/6
  2848 | D:4      | Found a staircase to the Ecumenical Temple.
  2879 | Temple   | Entered the Ecumenical Temple
  2951 | Temple   | Became a worshipper of Makhleb the Destroyer
  3057 | D:4      | Noticed Grinder
  3061 | D:4      | Paralysed by Grinder for 6 turns
  3070 | D:4      | Paralysed by Grinder for 5 turns
  3080 | D:4      | Killed Grinder
  3080 | D:4      | Reached skill level 4 in Maces & Flails
  3080 | D:4      | Gained mutation: You have very sharp fingernails. [demonic
                  | ancestry]
  3080 | D:4      | Reached XP level 7. HP: 11/51 MP: 7/7
  3509 | D:4      | Noticed Menkaure
  3520 | D:4      | Killed Menkaure
  3520 | D:4      | Reached skill level 5 in Maces & Flails
  3675 | D:4      | Noticed triki's ghost (amateur KoVM)
  3676 | D:4      | Found a runed translucent door.
  3820 | D:5      | Reached skill level 6 in Maces & Flails
  3886 | D:5      | Reached XP level 8. HP: 45/58 MP: 8/8
  3964 | D:5      | Found a hazy altar of Hepliaklqana.
  3964 | D:5      | Found a transporter.
  3990 | D:5      | Found a transporter.
  4115 | D:5      | Reached skill level 7 in Maces & Flails
  4382 | D:5      | Found a shimmering blue altar of Sif Muna.
  4695 | D:4      | Killed triki's ghost
  4695 | D:4      | Reached skill level 8 in Maces & Flails
  4793 | D:6      | Reached * piety under Makhleb
  5050 | D:6      | Reached skill level 9 in Maces & Flails
  5050 | D:6      | Gained mutation: You sometimes gain a little power by
                  | taking damage. [demonic ancestry]
  5050 | D:6      | Reached XP level 9. HP: 61/65 MP: 9/9
  5213 | D:6      | Found a snail-covered altar of Cheibriados.
  5588 | D:7      | Reached ** piety under Makhleb
  5641 | D:7      | Found a glowing golden altar of the Shining One.
  5660 | D:7      | Found a sacrificial altar of Ru.
  6105 | D:8      | Reached skill level 10 in Maces & Flails
  6105 | D:8      | Reached skill level 1 in Necromancy
  6105 | D:8      | Reached skill level 1 in Invocations
  6144 | D:8      | Noticed Erica
  6172 | D:8      | Killed Erica
  6172 | D:8      | Reached skill level 1 in Spellcasting
  6178 | D:8      | Reached skill level 5 in Invocations
  6445 | D:8      | Found a sparkling altar of Nemelex Xobeh.
  6572 | D:8      | Reached XP level 10. HP: 73/73 MP: 14/14
  6575 | D:8      | Reached *** piety under Makhleb
  7186 | D:9      | Found a staircase to the Orcish Mines.
  7553 | D:9      | Noticed a three-headed hydra
  7597 | D:9      | Killed a three-headed hydra
  7597 | D:9      | Reached skill level 5 in Fighting
  7703 | D:9      | Reached **** piety under Makhleb
  7787 | D:9      | Found an ancient bone altar of Kikubaaqudgha.
  8122 | D:9      | Noticed a necromancer
  8137 | D:9      | Killed a necromancer
  8384 | D:9      | Reached skill level 11 in Maces & Flails
  8740 | D:10     | Entered Level 10 of the Dungeon
  8770 | D:10     | Noticed a two-headed ogre
  8789 | D:10     | Killed a two-headed ogre
  8790 | D:10     | Gained mutation: Your movements are less encumbered by
                  | armour. (ER -4) [demonic ancestry]
  8790 | D:10     | Reached XP level 11. HP: 77/81 MP: 17/17
  8867 | D:10     | Found a staircase to the Lair.
  8938 | D:10     | Noticed Urug
  8951 | D:10     | Killed Urug
  9039 | D:10     | Noticed hexxy's ghost (novice DEFE)
  9190 | D:10     | Found a transporter.
  9192 | D:10     | Identified the ring of Conversion {*Slow rPois Slay+4
                  | Stlth-}
  9211 | D:10     | Found a transporter.
  9387 | Lair:1   | Entered Level 1 of the Lair of Beasts
  9671 | Lair:1   | You fall into a shaft and drop 1 floor!
  9674 | Lair:2   | Found a staircase to the Swamp.
 10020 | Lair:1   | Reached skill level 12 in Maces & Flails
 10020 | Lair:1   | Reached skill level 5 in Armour
 10020 | Lair:1   | Reached skill level 10 in Invocations
 10067 | Lair:1   | Reached ***** piety under Makhleb
 11172 | Lair:2   | Got a brightly glowing scale mail
 11183 | Lair:2   | Identified the cursed +0 scale mail of Wariness {rF+ rC+
                  | rN+} (You found it on level 2 of the Lair of Beasts)
 11187 | Lair:2   | Learned a level 3 spell: Mephitic Cloud
 11191 | Lair:2   | Found a hole to the Spider Nest.
 11544 | Lair:2   | Identified a scroll of acquirement
 11545 | Lair:2   | Identified the amulet of Arrival {Spirit rC+ Int+4 SInv}
                  | (You acquired it on level 2 of the Lair of Beasts)
 11867 | Lair:2   | Reached skill level 1 in Conjurations
 11867 | Lair:2   | Reached skill level 1 in Air Magic
 12253 | Lair:3   | Reached XP level 12. HP: 64/91 MP: 10/19
 12967 | Lair:4   | Found a gate leading to a gauntlet.
 13013 | Gauntlet | Entered a Gauntlet
 13013 | Gauntlet | Found a transporter.
 13013 | Gauntlet | Found a transporter.
 13018 | Gauntlet | Found a transporter.
 13019 | Gauntlet | Found a transporter.
 13029 | Gauntlet | Found a transporter.
 13034 | Gauntlet | Found a transporter.
 13042 | Gauntlet | Found a transporter.
 13050 | Gauntlet | Found a transporter.
 13068 | Gauntlet | Found a transporter.
 13076 | Gauntlet | Found a transporter.
 13093 | Gauntlet | Found a transporter.
 13173 | Gauntlet | Found a transporter.
 13418 | Gauntlet | Got a brightly glowing ivory ring
 13497 | Gauntlet | Identified the ring "Wifank" {+Inv +Fly Int+4} (You found
                  | it in a Gauntlet)
 13960 | Gauntlet | Identified the Catalogue of the Harmful Entourage
 14127 | Gauntlet | Noticed a minotaur
 14136 | Gauntlet | Killed a minotaur
 14169 | Lair:4   | Reached skill level 5 in Conjurations
 14981 | Lair:5   | Noticed a six-headed hydra
 14990 | Lair:5   | Killed a six-headed hydra
 15280 | Lair:5   | Found a staircase to the Slime Pits.
 15583 | Lair:5   | Noticed a five-headed hydra
 15595 | Lair:5   | Killed a five-headed hydra
 15595 | Lair:5   | Reached skill level 13 in Maces & Flails
 15943 | Lair:6   | Entered Level 6 of the Lair of Beasts
 15976 | Lair:5   | Gained mutation: You have claws for hands. [demonic
                  | ancestry]
 15976 | Lair:5   | Reached XP level 13. HP: 76/98 MP: 14/20
 16164 | Lair:5   | HP: 3/98 [seven-headed hydra (8)]
 16164 | Lair:5   | Slain by a seven-headed hydra

Levels and vault maps discovered:
D:1:      saegor_arrival_simple_e, layout_basic, hangedman_abyss_or_decor_stabs,
          minmay_pentomino_q4
D:2:      layout_rooms
D:3:      layout_loops_ring, overflow_temple_1_default, first_ration,
          doesnt_xom_only_xom, uniq_jessica
D:4:      layout_basic, temple_fountains, hellmonk_ghost_happy_afterlife,
          uniq_grinder, uniq_menkaure
D:5:      layout_loops_ring, kennysheep_mini_moat,
          gammafunk_temple_overflow_arena, nicolae_dithmenos_shadow_blocks
D:6:      layout_loops_ring, cheibrodos_worm_habitat
D:7:      layout_loops_ring, lemuel_crystal_altar, lemuel_round_altar
D:8:      layout_loops_corners, nicolae_overflow_hidden_temple, uniq_erica
D:9:      layout_gridville, lemuel_round_altar, zombieorc1_lemuel,
          hangedman_ranch [blue_anna_fruit_fields], minmay_misc_feat_cross,
          eino_house_with_fridge
D:10:     layout_rooms, due_lair_maze_entry_diamond, gammafunk_ghost_arena,
          uniq_urug
Temple:   eino_temple_lava
Lair:1:   layout_loops_ring
Lair:2:   layout_roguey, skrybe_swamp_entry_bodies, spider_nest_entry_rubble,
          minmay_stone_trees_medium, grunt_megastairs_1
Lair:3:   layout_loops_ring, grunt_megastairs_5
Lair:4:   layout_regular_city, gauntlet_entry_generic
Lair:5:   layout_regular_city, minmay_slime_entry_oklob_open,
          lemuel_fruit_fields
Lair:6:   hangedman_lair_caniforms_friends, layout_gridlike, grunt_megastairs_3,
          uniq_sonja

Skill      XL: |  1  2  3  4  5  6  7  8  9 10 11 12 13 |
---------------+----------------------------------------+-----
Maces & Flails | 2 3 4 6 9 10 11 12 13 | 13.1
Dodging        | 1 2 3 |  3.4
Fighting       | 1 2 3 4 5 7 8 |  8.0
Throwing       | 1 2 |  2.0
Short Blades   | 1 2 |  2.8
Necromancy     | 3 4 |  4.0
Invocations    | 6 9 10 | 10.7
Spellcasting   | 2 3 |  3.0
Armour         | 4 5 6 |  6.3
Conjurations   | 1 5 |  5.0
Air Magic      | 1 4 |  4.4
Poison Magic   | 4 |  4.0
Stealth        | |  1.0
Transmutations | |  1.0
Evocations     | |  1.0

Action                   |  1- 3 |  4- 6 |  7- 9 | 10-12 | 13-15 || total
-------------------------+-------+-------+-------+-------+-------++-------
Melee: Club              |   205 |       |       |       |       ||   205
       Flail             |    43 |   126 |   400 |   918 |    69 ||  1556
       Dagger            |       |   126 |       |       |       ||   126
Throw: Javelin           |     4 |       |    22 |     5 |       ||    31
       Throwing net      |       |     2 |     1 |       |       ||     3
       Dart              |       |     1 |     1 |       |       ||     2
 Cast: Animate Skeleton  |       |       |     4 |    66 |     4 ||    74
       Mephitic Cloud    |       |       |       |     2 |       ||     2
Invok: Minor Destruction |       |       |     7 |   151 |       ||   158
       Lesser Servant of |       |       |       |    21 |     3 ||    24
       Major Destruction |       |       |       |     2 |       ||     2
Evoke: Wand              |       |       |       |     2 |       ||     2
  Use: Scroll            |       |     4 |     2 |    17 |       ||    23
       Potion            |       |     1 |     5 |     6 |       ||    12
 Stab: Held in net/web   |       |       |     1 |       |       ||     1
       Distracted        |       |       |       |     5 |     1 ||     6
       Confused          |       |       |       |     2 |       ||     2
  Eat: Chunk             |     4 |     4 |     5 |    23 |       ||    36
       Ration            |       |       |     2 |     5 |       ||     7
Armor: Scale mail        |   161 |    64 |   133 |   237 |    60 ||   655
       Chain mail        |       |       |       |   309 |       ||   309
       Skin              |       |       |       |     6 |       ||     6
Dodge: Dodged            |   158 |   188 |   242 |   559 |   152 ||  1299

Table legend:
 A = Non-vault XP
 B = Vault XP
 C = Vault XP percentage of total XP
 D = Non-vault monster count
 E = Vault monster count
 F = Vault count percentage of total count
                 A         B        C        D         E       F
            +---------+---------+-------+---------+---------+-------
      Total |   27928 |   13133 |  32.0 |     318 |      91 |  22.2
            +---------+---------+-------+---------+---------+-------
        D:1 |      34 |       9 |  20.9 |      21 |       3 |  12.5
        D:2 |      38 |       0 |   0.0 |      21 |       0 |   0.0
        D:3 |      30 |      37 |  55.2 |      10 |       1 |   9.1
        D:4 |     392 |     585 |  59.9 |      23 |       3 |  11.5
        D:5 |    1071 |       0 |   0.0 |      22 |       0 |   0.0
        D:6 |     858 |       5 |   0.6 |      24 |       1 |   4.0
        D:7 |     522 |       0 |   0.0 |      13 |       0 |   0.0
        D:8 |    1368 |     850 |  38.3 |      35 |       1 |   2.8
        D:9 |     775 |    3316 |  81.1 |      21 |      49 |  70.0
       D:10 |    1249 |    2086 |  62.5 |      18 |      11 |  37.9
     Lair:1 |    4176 |       0 |   0.0 |      26 |       0 |   0.0
     Lair:2 |    2328 |    1860 |  44.4 |      14 |       8 |  36.4
     Lair:3 |    1762 |     147 |   7.7 |      11 |       2 |  15.4
     Lair:4 |    6098 |       0 |   0.0 |      35 |       0 |   0.0
     Lair:5 |    6721 |     260 |   3.7 |      22 |       1 |   4.3
     Lair:6 |     506 |       0 |   0.0 |       2 |       0 |   0.0
   Gauntlet |       0 |    3978 | 100.0 |       0 |      11 | 100.0
            +---------+---------+-------+---------+---------+-------
